 Dungeon Crawl Stone Soup version 0.24.0-123-gd5b16e6ec5 (webtiles) character file.

Game seed: 6440716940291762924, levelgen mode: deterministic

84 GreyFruit the Chopper (level 4, -3/40 HPs)
             Began as a Hill Orc Monk on Feb 6, 2020.
             Slain by a gnoll
             ... wielding a +0 quarterstaff
              (8 damage)
             ... on level 2 of the Dungeon.
             The game lasted 00:04:30 (2145 turns).

GreyFruit the Chopper (Hill Orc Monk)               Turns: 2145, Time: 00:04:31

Health: -3/40      AC:  5    Str: 14    XL:     4   Next: 46%
Magic:  4/4        EV: 12    Int: 10    God:
Gold:   88         SH:  0    Dex: 13    Spells: 3/3 levels left

rFire    . . .     SeeInvis .   a - +0 hand axe
rCold    . . .     Gourm    .   (no shield)
rNeg     . . .     Faith    .   j - +0 ring mail
rPois    .         Spirit   .   (no helmet)
rElec    .         Reflect  .   (no cloak)
rCorr    .         Harm     .   (no gloves)
MR       .....                  (no boots)
Stlth    +.........             (no amulet)
HPRegen  0.13/turn              (no ring)
MPRegen  0.09/turn              (no ring)

@: no status effects
A: no striking features
a: no special abilities


You were on level 2 of the Dungeon.
You were not hungry.

You visited 1 branch of the dungeon, and saw 2 of its levels.

You collected 88 gold pieces.

Inventory:

Hand Weapons
 a - a +0 hand axe (weapon)
Missiles
 e - 9 poisoned darts (quivered)
Armour
 b - a +0 robe
 j - a +0 ring mail (worn)
Jewellery
 o - an uncursed ring of protection from magic {unknown}
Scrolls
 g - a scroll of amnesia {unknown}
 h - 5 scrolls of identify {unknown}
 k - 3 scrolls of teleportation {unknown}
 l - a scroll of fog {unknown}
 m - a scroll of enchant weapon {unknown}
Potions
 d - a potion of curing
 f - a potion of lignification
 i - 2 potions of cancellation {unknown}
 p - a potion of might {unknown}
Comestibles
 c - 2 rations


   Skills:
 + Level 4.2 Fighting
 + Level 5.0 Axes
 + Level 1.0 Armour
 + Level 3.2 Dodging
 + Level 1.6 Stealth


You had 3 spell levels left.
You didn't know any spells.
Your spell library was empty.

Dungeon Overview and Level Annotations

Branches:
Dungeon (2/15)

Altars:
Ashenzari
Ru


Message History

The gnoll is moderately wounded.
The gnoll hits you with a +0 quarterstaff!
* * * LOW HITPOINT WARNING * * *
You closely miss the gnoll.
The gnoll is moderately wounded.
The gnoll hits you but does no damage.
You hit the gnoll but do no damage.
The gnoll is moderately wounded.
The gnoll closely misses you.
You hit the gnoll.
The gnoll is severely wounded.
The gnoll hits you but does no damage.
You barely miss the gnoll.
The gnoll is severely wounded.
The gnoll hits you with a +0 quarterstaff!
* * * LOW HITPOINT WARNING * * *
You hit the gnoll.
The gnoll is almost dead.
The gnoll hits you with a +0 quarterstaff!
You die...

.#........#..[.##.#
.#........##...##.#
.#........##...##.#
...........>.##.# .
........####.##.# .
...........#.##.# #
###.####...#.##.#
#####.####.###.##.#
...o..#.....().g@.#
#'.#.'##'###.#.####
..(...g...>(.#.#
...#...........#
....##......####
.'##.)#..)#.#
......#.....#
.....####...#
.........#..#


You could see a gnoll.

Vanquished Creatures
  A gnoll (D:2)
  3 adders (D:2)
  An ooze (D:1)
  A worm (D:2)
  3 leopard geckos
  4 orcs (D:2)
  3 bats (D:1)
  3 giant cockroaches (D:1)
  3 hobgoblins
  5 goblins
  A kobold (D:1)
  8 rats (D:1)
36 creatures vanquished.

Notes
Turn   | Place    | Note
-------+----------+-------------------------------------------
     0 | D:1      | GreyFruit the Hill Orc Monk began the quest for the Orb.
     0 | D:1      | Reached XP level 1. HP: 19/19 MP: 1/1
   265 | D:1      | Reached XP level 2. HP: 27/27 MP: 2/2
   624 | D:1      | Reached XP level 3. HP: 32/33 MP: 3/3
  1379 | D:2      | Found a sacrificial altar of Ru.
  1531 | D:2      | Reached skill level 5 in Axes
  1601 | D:2      | Found a shattered altar of Ashenzari.
  1657 | D:2      | Reached skill level 1 in Armour
  1657 | D:2      | Reached XP level 4. HP: 15/40 MP: 4/4
  2145 | D:2      | Slain by a gnoll

Levels and vault maps discovered:
D:1:      dpeg_arrival_prison, layout_basic
D:2:      layout_basic, evilmike_ruin_ashenzari, nicolae_ru_the_path_less_chosen

Skill      XL: |  1  2  3 |
---------------+----------+-----
Dodging        | 3 |  3.2
Fighting       | 4 |  4.2
Axes           | 5 |  5.0
Armour         | 1 |  1.0
Stealth        | |  1.6

Action                   |  1- 3 |  4- 6 || total
-------------------------+-------+-------++-------
Melee: Hand axe          |   150 |    51 ||   201
Throw: Dart              |     2 |       ||     2
  Use: Potion            |     2 |       ||     2
  Eat: Chunk             |     2 |     2 ||     4
Armor: Robe              |    19 |       ||    19
       Ring mail         |    20 |    10 ||    30
Dodge: Dodged            |   103 |    23 ||   126
